 Dungeon Crawl Stone Soup version 0.31-a0-662-g684573625c (webtiles) character file.

Game seed: 10237771460032827823

723 erloom the Conjurer (level 7, -5/50 HPs)
             Began as a Red Draconian Conjurer on Sept 1, 2023.
             Slain by a two-headed ogre
             ... wielding a +0 dire flail
              (17 damage)
             ... on level 5 of the Dungeon.
             The game lasted 00:11:31 (5642 turns).

erloom the Conjurer (Red Draconian Conjurer)        Turns: 5642, Time: 00:11:32

Health: -5/50      AC:  7    Str: 10    XL:     7   Next: 43%
Magic:  14/14      EV: 12    Int: 20    God:
Gold:   319        SH:  0    Dex:  9    Spells: 9/16 levels left

rFire   + . .        j - +1 spear (venom)
rCold   . . .        (no shield)
rNeg    . . .        (body armour unavailable)
rPois   .            (helmet restricted)
rElec   .            (no cloak)
rCorr   .            k - +0 pair of gloves
SInv    .            (no boots)
Will    .....        (no amulet)
Stlth   ++           (no ring)
HPRegen 0.28/turn    (no ring)
MPRegen 0.14/turn

%: no passive effects
@: about to teleport
A: breathe fire, AC +6, unfitting armour, fire resistance 1, cold-blooded
a: Breathe Fire


You were on level 5 of the Dungeon.
You visited 1 branch of the dungeon, and saw 5 of its levels.
You also visited: Sewer.

You collected 319 gold pieces.

Inventory:

Hand Weapons
 f - a +0 dagger
 j - a +1 spear of venom (weapon)
Missiles
 t - a throwing net
Armour
 k - a +0 pair of gloves (worn)
Magical Staves
 p - a staff of cold
Jewellery
 v - a ring of magical power
Wands
 w - a wand of paralysis (7)
Scrolls
 e - 2 scrolls of teleportation
 h - 2 scrolls of vulnerability {unknown}
 i - a scroll of immolation
 n - a scroll of poison {unknown}
 o - a scroll of fear {unknown}
 q - a scroll of revelation
 u - a scroll of identify {unknown}
Potions
 a - a potion of magic
 b - 3 potions of curing
 c - a potion of heal wounds {unknown}
 d - a potion of ambrosia {unknown}
 g - 3 potions of attraction {unknown}
 l - a potion of brilliance {unknown}
 m - a potion of berserk rage {unknown}
 r - 4 potions of enlightenment
 s - a potion of haste {unknown}


   Skills:
 - Level 1.7 Dodging
 - Level 1.7 Stealth
 + Level 5.2 Spellcasting
 + Level 6.6 Conjurations
 + Level 2.8 Hexes


You had 9 spell levels left.
You knew the following spells:

 Your Spells              Type           Power      Damage    Failure   Level
a - Magic Dart            Conj           100%       1d8       1%          1
b - Searing Ray           Conj           62%        2d6       1%          2
c - Fulminant Prism       Conj/Hex       12%        3d9       16%         4

Your spell library contained the following spells:

 Spells                   Type           Power      Damage    Failure   Level
 Slow                     Hex            64%        N/A       3%          1
 Dazzling Flash           Conj/Hex       48%        N/A       4%          3
 Confusing Touch          Hex            16%        N/A       11%         3
 Summon Small Mammal      Summ           20%        N/A       12%         1
 Cigotuvi's Dreadful Rot  Necr/Pois/Air  10%        N/A       17%         2
 Summon Guardian Golem    Hex/Summ       10%        N/A       19%         3
 Iskenderun's Mystic Bla  Conj/Tloc      18%        2d6       28%         4
 Call Canine Familiar     Summ           5%         N/A       34%         3
 Vampiric Draining        Necr           5%         2d6       34%         3
 Dispel Undead            Necr           5%         3d7       75%         4
 Death Channel            Necr           2%         N/A       100%        6


Dungeon Overview and Level Annotations

Branches:
Dungeon (5/15)              Sewer (visited)
 Temple: D:4-7

Altars:
Cheibriados
Wu Jian
Yredelemnul

Shops:
D:2 (   D:4 (?

Annotations:
D:4 Dowan, Duvessa


Innate Abilities, Weirdness & Mutations

You can breathe blasts of fire.
Your fiery red scales are hard. (AC +6)
You cannot fit into any form of body armour.
Your flesh is heat resistant. (rF+)
You are cold-blooded and may be slowed by cold attacks.


Message History

Aim: a hound (moderately wounded, 71% to hit)
The searing ray hits the hound!
The hound is almost dead. (Press . to maintain the ray.) Unknown command.
The searing ray hits the hound!
You kill the hound!
You see here a hound corpse.
You see here a rat skeleton.
There is an open door, spattered with blood here.
u - a scroll labelled XOOGOUZOEM You open the door.
There is an open door here.
v - a ring of magical power
w - a wand of paralysis (7)
You open the door.
There is an open door here.
There is an open door here.
There is an open door here.
You open the door.
There is an open door here.
You open the door.
There is an open door here.
There is an open door here.
A two-headed ogre and a scorpion come into view.
Found 13 gold pieces.
The two-headed ogre shouts in stereo!
You hear an angry hiss.
You hear a shout!
A centaur comes into view.
It is wielding the +1 sling "Etrirphamn" {elec, rC+}.
Okay, then.
Okay, then.
The centaur shoots a sling bullet.
The sling bullet hits you.
You are electrocuted!
There is an open door here.
As you read the scroll labelled CAUGOA SUNO, it crumbles to dust.
You feel strangely unstable.
It was a scroll of teleportation.
The centaur shoots a sling bullet.
The sling bullet hits you.
You are electrocuted!!
* * * LOW HITPOINT WARNING * * *
The two-headed ogre hits you with a +0 dire flail!
You die...

,,,,,,,,,,,#......,.,,,,,,,,,,,,,
,,,,,**,,,,#.......,,,,,,,,<,,,,,
,,,,,**,,,,#.....#'**********,,,,
,,,,,,,,,,,#.....',,+,,,,,,,*,,,,
****+**,,,,#.....#,,*,,,,,,,*,,,,
,,,,****####.....###*###**,,*,,,,
,,,,,,,,....s...##.###.#*****,,,,
,,,,,,,,.......O#......#,,,,#..,,
,,,,*,*,#.......@......+,,,,+..,,
,,,,,,,,$.......#......#,,,,#..,,
,,*,,*,*..#..#..#......#,,,,#..,,
,,,,,,,,.....#..######'#####*..+#
,,*,*,_,#c#.,#...#.##..##..###.#~
,,,,,,,,.,.,,#...#..........#..#~
,,*,,*,*,.#,,#...#..........#..'#
,,,,,,,,,,,,,...,#..........#....
*,,,*,*,*,,,,,,,,#..........+..#.


You could see a two-headed ogre, a centaur and a scorpion.

Vanquished Creatures
  A kobold brigand (Sewer)
  2 hounds
  6 orc priests
  A sleepcap (D:3)
  2 jellies
  3 iguanas
  An orc wizard (D:4)
  4 gnolls (D:4)
  7 adders
  3 river rats (Sewer)
  A worm (D:2)
  2 dart slugs
  13 orcs
  10 ball pythons
  5 bats
  5 endoplasms
  3 giant cockroaches
  3 goblins
  5 hobgoblins
  5 jackals
  10 kobolds
  4 quokkas
  2 frilled lizards (D:3)
  9 rats
107 creatures vanquished.

Notes
Turn   | Place    | Note
-------+----------+-------------------------------------------
     0 | D:1      | erloom the Draconian Conjurer began the quest for the Orb.
     0 | D:1      | Reached XP level 1. HP: 14/14 MP: 3/3
   323 | D:1      | Reached XP level 2. HP: 20/20 MP: 1/5
   492 | D:1      | Learned a level 2 spell: Searing Ray
   802 | D:1      | Found a faded altar of an unknown god.
  1223 | D:2      | Reached XP level 3. HP: 26/26 MP: 1/7
  1434 | D:2      | Found Oshryfy's Weapon Emporium.
  2211 | D:3      | Reached XP level 4. HP: 33/33 MP: 4/8
  2229 | D:3      | Reached skill level 5 in Conjurations
  2519 | D:3      | Reached XP level 5. HP: 27/38 MP: 4/10
  3072 | D:3      | Learned a level 4 spell: Fulminant Prism
  3169 | D:3      | Found a basalt altar of Yredelemnul.
  3468 | D:3      | Reached XP level 6. HP: 41/45 MP: 4/12
  3993 | D:4      | Found an ornate altar of the Wu Jian Council.
  4041 | D:4      | Found Vechuisi's Antique Weapon Shop.
  4054 | D:4      | Reached skill level 1 in Hexes
  4308 | D:4      | Reached skill level 6 in Conjurations
  4416 | D:4      | Noticed Duvessa
  4421 | D:4      | Noticed Dowan
  4511 | D:4      | Found Gyajirra's Magic Scroll Shop.
  4755 | D:4      | Found a snail-covered altar of Cheibriados.
  4944 | D:5      | Entered Level 5 of the Dungeon
  4954 | D:5      | Your scales start taking on a fiery red colour.
  4954 | D:5      | Reached XP level 7. HP: 50/50 MP: 8/14
  4954 | D:5      | Gained mutation: Your flesh is heat resistant. (rF+) [Red
                  | Draconian growth]
  5052 | D:5      | Found a glowing drain.
  5056 | Sewer    | Entered a sewer
  5214 | Sewer    | Reached skill level 5 in Spellcasting
  5395 | Sewer    | Found a white marble altar of Elyvilon.
  5640 | D:5      | Noticed a two-headed ogre
  5640 | D:5      | Identified the +1 sling "Etrirphamn" {elec, rC+}
  5642 | D:5      | Slain by a two-headed ogre

Illustrated notes

Levels and vault maps discovered:
D:1:      minmay_arrival_stair_chambers, layout_basic,
          hellmonk_ecumenical_altar_blasted
D:2:      layout_basic, serial_shops, nicolae_shop_real_fake_doors
D:3:      wad_lake_hut, layout_basic, yredelemnul_altar_generic
D:4:      layout_loops_ring, mainiacjoe_overflow_six_doors_small,
          lemuel_tele_altar, serial_shops, shop, shop, shop, uniq_duvessa
D:5:      minmay_clustersquares, layout_gridville, nicolae_vehumet_radiance,
          gup_sewer_entry_bowl

Skill      XL: |  1  2  3  4  5  6  7 |
---------------+----------------------+-----
Spellcasting   | 3 4 5 |  5.2
Conjurations   | 5 6 |  6.6
Hexes          | 2 |  2.8
Dodging        | |  1.7
Stealth        | |  1.7

Action                     |  1- 3 |  4- 6 |  7- 9 || total
---------------------------+-------+-------+-------++-------
  Melee: Spear             |     5 |    14 |     4 ||    23
         Tailslap          |     2 |     2 |       ||     4
         Dagger            |     2 |       |       ||     2
   Cast: Magic Dart        |    76 |    61 |    12 ||   149
         Searing Ray       |       |    17 |    11 ||    28
    Use: Scroll            |       |       |     2 ||     2
 Armour: Skin              |    17 |    26 |    27 ||    70
  Dodge: Dodged            |    11 |    31 |    30 ||    72

Table legend: (Time is in decaauts)
 A = Elapsed time spent in this place.
 B = Non-inter-level travel time spent in this place.
 C = Inter-level travel time spent in this place.
 D = Time resting spent in this place.
 E = Time spent auto-exploring this place.
 F = Levels seen in this place.
 G = Mean time per level.
                   A        B        C        D        E       F      G
               +--------+--------+--------+--------+--------+-----+--------+
         Total |   5735 |   5548 |    187 |    101 |   4622 |   6 |  955.8 |
       Dungeon |   5313 |   5126 |    187 |      0 |   4378 |   5 | 1062.6 |
         Sewer |    422 |    422 |      0 |    101 |    244 |   1 |  422.0 |
               +--------+--------+--------+--------+--------+-----+--------+

Top non-repeatable levels by time:
     D:3: 1675 daAuts
     D:2: 1231 daAuts
     D:1: 1045 daAuts
     D:4: 1036 daAuts
   Sewer: 422 daAuts
     D:5: 324 daAuts
